 Dungeon Crawl Stone Soup version 0.24-a0-271-ga0fc33f (webtiles) character file.

Game seed: 6154726871157512353

611 nikopol the Magician (level 7, -2/37 HPs)
             Began as a Deep Elf Fire Elementalist on Apr 23, 2019.
             Shot with an arrow by a centaur (9 damage)
             ... on level 5 of the Dungeon.
             The game lasted 00:14:56 (4562 turns).

nikopol the Magician (Deep Elf Fire Elementalist)   Turns: 4562, Time: 00:14:57

Health: -2/37      AC:  3    Str:  5    XL:     7   Next: 20%
Magic:  11/18      EV: 13    Int: 22    God:
Gold:   284        SH:  0    Dex: 15    Spells: 3/18 levels left

rFire    . . .     SeeInvis .   (no weapon)
rCold    . . .     Gourm    .   (no shield)
rNeg     . . .     Faith    .   a - +0 robe
rPois    .         Spirit   .   (no helmet)
rElec    .         Reflect  .   p - +0 cloak
rCorr    .         Harm     .   (no gloves)
MR       .....                  (no boots)
Stlth    +++.......             (no amulet)
HPRegen  0.12/turn              i - ring of stealth
MPRegen  0.16/turn              (no ring)

@: no status effects
A: no striking features
a: no special abilities


You were on level 5 of the Dungeon.
You were not hungry.

You visited 1 branch of the dungeon, and saw 5 of its levels.
You also visited: Sewer.

You collected 284 gold pieces.

Inventory:

Armour
 a - a +0 robe (worn)
 p - a +0 cloak (worn)
Jewellery
 i - a ring of stealth (left hand)
 q - an uncursed amulet of guardian spirit {unknown}
Wands
 b - a wand of clouds (5)
 m - a wand of flame (26)
 s - a wand of paralysis (4)
Scrolls
 d - 3 scrolls of remove curse
 h - 4 scrolls of teleportation
 l - 2 scrolls of magic mapping
 n - a scroll of identify {unknown}
 t - a scroll of blinking {unknown}
Potions
 e - 2 potions of curing {unknown}
 f - 5 potions of flight
 g - 4 potions of heal wounds
 j - a potion of magic {unknown}
 k - a potion of might {unknown}
 o - a potion of experience {unknown}
Comestibles
 c - 5 rations
 r - a chunk of flesh


   Skills:
 + Level 0.3 Fighting
 + Level 3.3 Dodging
 + Level 3.0 Stealth
 + Level 6.1 Spellcasting
 + Level 5.1 Conjurations
 + Level 5.3 Fire Magic


You had 3 spell levels left.
You knew the following spells:

 Your Spells              Type           Power        Failure   Level  Hunger
a - Flame Tongue          Conj/Fire      ####.        1%          1    None
b - Throw Flame           Conj/Fire      ####..       1%          2    None
c - Conjure Flame         Conj/Fire      ####....     3%          3    #......
d - Sticky Flame          Conj/Fire      ####....     11%         4    ###....
e - Fireball              Conj/Fire      ####......   28%         5    #####..

Your spell library contained the following spells:

 Spells                   Type           Power        Failure   Level  Hunger
 Inner Flame              Hex/Fire       ###.....     9%          3    #......


Dungeon Overview and Level Annotations

Branches:
Dungeon (5/15)
 Temple: D:4-7

Altars:
Xom
Yredelemnul

Annotations:
D:2 Robin


Message History

The centaur shoots an arrow.
The arrow misses you.
Casting: Throw Flame (safe; 1% risk of failure)
Confirm with . or Enter, or press ? or * to list all spells.
Aiming: Throw Flame (safe; 1% risk of failure)
Press: ? - help, Shift-Dir - straight line, f/p - centaur
Aim: a centaur, wielding a +0 shortbow (moderately wounded)
The puff of flame hits the centaur.
The centaur is heavily wounded.
The centaur shoots an arrow.
The arrow hits you!
Casting: Throw Flame (safe; 1% risk of failure)
Confirm with . or Enter, or press ? or * to list all spells.
Aiming: Flame Tongue (safe; 1% risk of failure)
Press: ? - help, Shift-Dir - straight line, f/p - centaur
Aim: a centaur, wielding a +0 shortbow (heavily wounded)
The flame tongue hits the centaur.
The centaur is heavily wounded.
The centaur shoots an arrow.
The arrow hits you!
* * * LOW HITPOINT WARNING * * *
The centaur shoots an arrow.
The arrow hits you!
You die...

###############
..............#
....(.........#.#
..............#.#
.........[.......
..............#.
..............#
.........(.(..#
.........@....#.##
.....c............
..<...........####
..............#
.............#
.........$...#
...............
............###
............#


You could see a centaur.

Vanquished Creatures
  2 scorpions (D:4)
  A howler monkey (D:4)
  3 orc wizards (D:4)
  An iguana (D:4)
  Ijyb (D:3)
  A merfolk avatar (Sewer)
  A merfolk siren (Sewer)
  3 worker ants (D:4)
  10 adders
  An adder zombie (D:5)
  An adder skeleton (D:4)
  4 worms (D:3)
  3 dart slugs (D:2)
  6 leopard geckos
  5 orcs (D:4)
  8 bats
  6 giant cockroaches
  10 goblins
  7 hobgoblins
  6 kobolds
  4 ball pythons
  7 frilled lizards
  33 rats
124 creatures vanquished.

Notes
Turn   | Place    | Note
-------+----------+-------------------------------------------
     0 | D:1      | nikopol the Deep Elf Fire Elementalist began the quest for
                  | the Orb.
     0 | D:1      | Reached XP level 1. HP: 10/10 MP: 6/6
   163 | D:1      | Reached XP level 2. HP: 15/15 MP: 4/8
   926 | D:2      | Reached XP level 3. HP: 15/19 MP: 4/9
  1611 | D:2      | Found a faded altar of an unknown god.
  1651 | D:2      | Noticed Robin
  1691 | D:2      | Reached XP level 4. HP: 21/24 MP: 5/11
  1730 | D:2      | Learned a level 2 spell: Throw Flame
  1734 | D:2      | Learned a level 3 spell: Conjure Flame
  1739 | D:2      | Learned a level 4 spell: Sticky Flame
  1884 | D:3      | Found a shimmering altar of Xom.
  1895 | D:3      | Found a glowing drain.
  1896 | D:3      | Noticed Ijyb
  1897 | Sewer    | Entered a sewer
  2044 | Sewer    | Reached skill level 4 in Spellcasting
  2446 | Sewer    | Reached XP level 5. HP: 28/28 MP: 10/13
  2724 | D:3      | Killed Ijyb
  3671 | D:4      | Reached skill level 5 in Spellcasting
  3671 | D:4      | Reached XP level 6. HP: 32/32 MP: 7/15
  4009 | D:4      | Reached skill level 5 in Fire Magic
  4020 | D:4      | Learned a level 5 spell: Fireball
  4144 | D:4      | Reached skill level 5 in Conjurations
  4218 | D:4      | Reached XP level 7. HP: 37/37 MP: 9/17
  4271 | D:4      | Reached skill level 6 in Spellcasting
  4315 | D:4      | Found a basalt altar of Yredelemnul.
  4539 | D:5      | Entered Level 5 of the Dungeon
  4562 | D:5      | Shot with an arrow by a centaur

Levels and vault maps discovered:
D:1:      scummos_arrival_hexagon, layout_loops_corners, minivault_26,
          minmay_pentomino_z4
D:2:      layout_loops_ring, first_ration, chequers_ecumenical_altar_simple,
          uniq_robin
D:3:      layout_basic, xom_teletrap_fun, cheibrodos_sewer_entry_sluice,
          minmay_cupped, uniq_ijyb
D:4:      layout_cave_pools, lemuel_round_altar
D:5:      layout_basic, gammafunk_temple_overflow_forgotten,
          gammafunk_ghost_icy, uniq_grinder
Sewer:    sewer_sea

Skill      XL: |  1  2  3  4  5  6  7 |
---------------+----------------------+-----
Fire Magic     | 4 5 |  5.3
Conjurations   | 3 4 5 |  5.1
Spellcasting   | 4 5 6 |  6.1
Stealth        | 3 |  3.0
Dodging        | 3 |  3.3
Fighting       | |  0.3

Action                   |  1- 3 |  4- 6 |  7- 9 || total
-------------------------+-------+-------+-------++-------
 Cast: Flame Tongue      |    66 |   129 |     8 ||   203
       Throw Flame       |       |    31 |     5 ||    36
       Sticky Flame      |       |     3 |     2 ||     5
  Use: Scroll            |       |     7 |       ||     7
  Eat: Chunk             |     2 |     5 |     1 ||     8
       Ration            |       |     1 |       ||     1
Armor: Robe              |     2 |     3 |       ||     5
Dodge: Dodged            |    14 |    20 |     3 ||    37

Table legend:
 A = Non-vault XP
 B = Vault XP
 C = Vault XP percentage of total XP
 D = Non-vault monster count
 E = Vault monster count
 F = Vault count percentage of total count
                 A         B        C        D         E       F
            +---------+---------+-------+---------+---------+-------
      Total |     658 |     215 |  24.6 |      71 |      53 |  42.7
            +---------+---------+-------+---------+---------+-------
        D:1 |      22 |       5 |  18.5 |      15 |       3 |  16.7
        D:2 |      70 |       8 |  10.3 |      17 |       4 |  19.0
        D:3 |      34 |      62 |  64.6 |      16 |       6 |  27.3
        D:4 |     526 |       0 |   0.0 |      22 |       0 |   0.0
        D:5 |       6 |       0 |   0.0 |       1 |       0 |   0.0
      Sewer |       0 |     140 | 100.0 |       0 |      40 | 100.0
            +---------+---------+-------+---------+---------+-------
